 Dungeon Crawl Stone Soup version 0.30.1-4-g462c640d31 (webtiles) character file.

Game seed: 9024598564771352083

35 winkopee the Trooper (level 3, -18/43 HPs)
             Began as a Demonspawn Berserker on Sept 10, 2023.
             Was a Follower of Trog.
             Demolished by a gnoll
             ... wielding a +1 heavy halberd
              (22 damage)
             ... on level 2 of the Dungeon.
             The game lasted 00:01:26 (950 turns).

winkopee the Trooper (Demonspawn Berserker)          Turns: 950, Time: 00:01:26

Health: -18/43     AC:  3    Str: 19    XL:     3   Next: 17%
Magic:  3/3        EV: 12    Int:  8    God:    Trog [*.....]
Gold:   69         SH:  0    Dex: 12    Spells: 2/2 levels left

rFire   . . .        a - +1 hand axe
rCold   . . .        (no shield)
rNeg    . . .        b - +0 animal skin
rPois   .            (no helmet)
rElec   .            j - +0 cloak
rCorr   .            (no gloves)
SInv    .            (no boots)
Will    .....        (no amulet) Stlth
                     (no ring)
HPRegen 0.27/turn    (no ring)
MPRegen 0.08/turn

%: no passive effects
@: berserking (expiring), very quick
A: hooves 1
a: Renounce Religion, Berserk


You were on level 2 of the Dungeon.
You worshipped Trog.
Trog was aware of your devotion.
You visited 1 branch of the dungeon, and saw 2 of its levels.

You collected 69 gold pieces.

Inventory:

Hand Weapons
 a - a +1 hand axe (weapon)
Armour
 b - a +0 animal skin (worn)
 j - a +0 cloak (worn)
Jewellery
 l - an amulet of regeneration
 m - a ring of see invisible
Scrolls
 d - a scroll of teleportation
 f - a scroll of fear
 g - a scroll of magic mapping
Potions
 c - 3 potions of lignification


   Skills:
 + Level 3.3 Fighting
 + Level 3.1 Axes
 + Level 2.2 Armour
 + Level 2.2 Dodging


You had 2 spell levels left.
You didn't know any spells.
Your spell library was empty.

Dungeon Overview and Level Annotations

Branches:
Dungeon (2/15)

Altars:


Innate Abilities, Weirdness & Mutations

You have large cloven feet.


Message History

You kill the frilled lizard!
Trog accepts your kill.
You closely miss the gnoll. The gnoll completely misses you.
You hit the gnoll.
The gnoll is moderately wounded.
The gnoll barely misses you.
You hit the gnoll. Your kick misses the gnoll.
The gnoll is heavily wounded.
A red film seems to cover your vision as you go berserk!
You feel yourself moving faster!
You feel mighty! The gnoll barely misses you. x2
You closely miss the gnoll. Your kick misses the gnoll.
The gnoll is heavily wounded.
You slash the gnoll! The gnoll hits you with a +0 whip.
The gnoll hits you from afar with a +1 heavy halberd!!
Ouch! That really hurt!
The gnoll hits you with a +0 club.
* * * LOW HITPOINT WARNING * * *
You are too injured to fight recklessly!
You closely miss the gnoll. Your kick misses the gnoll.
The gnoll is almost dead.
You slash the gnoll!
You kill the gnoll!
Trog accepts your kill.
Your Axes skill increases to level 3!
You slash the gnoll!
You kill the gnoll!
Trog accepts your kill.
The gnoll hits you from afar with a +1 heavy halberd!
* * * LOW HITPOINT WARNING * * *
You have reached level 3!
Your experience leads to an increase in your attributes!
Increase (S)trength, (I)ntelligence, or (D)exterity?
You feel stronger. x2
Things that are here:
a +0 club; a gnoll corpse You slash the gnoll!
The gnoll is almost dead.
The gnoll hits you with a +1 heavy halberd!!
Ouch! That really hurt!
You die...

####......#
#.........#######
#................
#.........#######
###############.#.........
..........................
.........######.#.#....###
########.)# #.#.........
##@#####.####.#.###
#.g...#...........
#####.######...### #.##
##..# #..# #..# ##l###
#..# #.g.# #..# ###g##
#..# ##..###..##


You could see a gnoll.

Vanquished Creatures
  2 gnolls (D:2)
  A bat (D:1)
  2 endoplasms (D:1)
  A giant cockroach (D:1)
  A goblin (D:1)
  2 hobgoblins (D:1)
  5 frilled lizards
  2 kobolds (D:1)
  2 rats (D:2)
18 creatures vanquished.

Notes
Turn   | Place    | Note
-------+----------+-------------------------------------------
     0 | D:1      | winkopee the Demonspawn Berserker began the quest for the
                  | Orb.
     0 | D:1      | Reached XP level 1. HP: 18/18 MP: 1/1
   237 | D:1      | Gained mutation: You have large cloven feet. [demonic
                  | ancestry]
   237 | D:1      | Reached XP level 2. HP: 14/24 MP: 2/2
   330 | D:1      | Found a faded altar of an unknown god.
   949 | D:2      | Reached XP level 3. HP: 3/29 MP: 3/3
   950 | D:2      | Demolished by a gnoll

Illustrated notes

Levels and vault maps discovered:
D:1:      lightli_arrival_statue_moat, layout_basic,
          shapermc_ecumenical_altar_rom_forum, minmay_misc_feat_iff, hex_tiny
D:2:      layout_basic

Skill      XL: |  1  2 |
---------------+-------+-----
Armour         | 2 |  2.2
Dodging        | 2 |  2.2
Axes           | 3 |  3.1
Fighting       | |  3.3

Action                     || total
---------------------------++-------
  Melee: Hand axe          ||    38
         Kick              ||     4
 Invoke: Berserk           ||     1
    Use: Scroll            ||     8
   Stab: Sleeping          ||     1
 Armour: Animal skin       ||     3
  Dodge: Dodged            ||    16
